 Dungeon Crawl Stone Soup version 0.31-a0-198-g2ad674f65e (webtiles) character file.

Game seed: 16930120847274964220

123 qw the Skirmisher (level 4, -2/25 HPs)
             Began as a Deep Elf Hunter on June 25, 2023.
             Killed by divine providence
             ... invoked by an orc priest
              (15 damage)
             ... on level 3 of the Dungeon.
             The game lasted 00:00:38 (1111 turns).

qw the Skirmisher (Deep Elf Hunter)                 Turns: 1111, Time: 00:00:38

Health: -2/25      AC:  7    Str: 10    XL:     4   Next: 80%
Magic:  6/6        EV: 11    Int: 14    God:
Gold:   135        SH:  0    Dex: 18    Spells: 3/3 levels left

rFire   . . .        Y - +0 shortbow
rCold   . . .        (shield currently unavailable)
rNeg    + . .        d - +0 ring mail
rPois   .            (no helmet)
rElec   .            (no cloak)
rCorr   .            f - +1 pair of gloves
SInv    .            (no boots)
Will    .....        (no amulet)
Stlth   +            g - ring of positive energy
HPRegen 0.24/turn    (no ring)
MPRegen 0.10/turn

%: no passive effects
@: no status effects
A: no striking features
a: no special abilities


You were on level 3 of the Dungeon.
You visited 1 branch of the dungeon, and saw 3 of its levels.

You collected 135 gold pieces.


   Skills:
 - Level 1.5 Fighting
 + Level 8.2 Ranged Weapons
 - Level 2.4 Dodging
 - Level 1.2 Stealth


You had 3 spell levels left.
You didn't know any spells.
Your spell library was empty.

Inventory:

Hand Weapons
 Y - a +0 shortbow (weapon)
Armour
 d - a +0 ring mail (worn)
 f - a +1 pair of gloves (worn)
Jewellery
 g - a ring of positive energy (left hand)
Scrolls
 a - a scroll of identify
 h - a scroll of teleportation {unknown}
 j - a scroll of enchant weapon {unknown}
 k - a scroll of poison {unknown}
Potions
 b - a potion of degeneration {unknown}
 c - 2 potions of mutation {unknown}
 e - a potion of might {unknown}
 i - a potion of heal wounds {unknown}
 l - a potion of haste {unknown}

Dungeon Overview and Level Annotations

Branches:
Dungeon (3/15)

Altars:


Message History

The arrow hits the orc but does no damage.
The orc hits you but does no damage.
An orc priest comes into view. It is wielding a +0 club.
You shoot an arrow. The arrow closely misses the orc.
The arrow barely misses the orc.
The arrow hits the orc!
You kill the orc!
The orc closely misses you.
You shoot an arrow. The arrow barely misses the orc.
An orc comes into view. It is wielding a +0 club.
The orc hits you with a +0 whip. The orc barely misses you.
You shoot an arrow. The arrow hits the orc.
You kill the orc!
An orc comes into view. It is wielding a +0 falchion.
The orc completely misses you.
You shoot an arrow. The arrow barely misses the orc.
The orc hits you but does no damage.
The orc priest looks satisfied for a moment.
You shoot an arrow. The arrow hits the orc!
You kill the orc!
You shoot an arrow. The arrow barely misses the orc priest.
The arrow hits the orc.
The orc is severely wounded.
The orc priest closely misses you.
You shoot an arrow. The arrow hits the orc priest.
The orc priest is moderately wounded.
An orc comes into view. It is wielding a +0 whip.
The orc priest hits you with a +0 club. The orc barely misses you.
You shoot an arrow. The arrow hits the orc.
The orc is almost dead.
The orc hits you with a +0 falchion. The orc priest hits you with a +0 club.
The orc closely misses you.
You shoot an arrow. The arrow hits the orc.
You kill the orc!
The orc priest closely misses you. The orc barely misses you.
You shoot an arrow. The arrow hits the orc priest.
The orc priest is heavily wounded.
The orc priest mumbles some strange prayers to Beogh against you.
Beogh smites you!
Ouch! That really hurt!
You die...

#.###...#.###.. #.
#.###.###.###..
##.######.#>.......))..
#........)..#.###.###..
#...........#.###......
##...........#......%...
#.........##.#########..
#.......o.##.# #..
#......@..##.# #..
#)....oo).##.# #..
#.........##.# #..
##.........##.# #..
#.......)..##.# #..
#..8.8..#####.# #..
#.8.8.8.# #..
...$.8_8...) #..
##..8.8.8.... #..


You could see an orc priest and 2 orcs.

Vanquished Creatures
  An orc priest (D:3)
  3 adders
  2 dart slugs
  7 orcs (D:3)
  5 bats
  5 endoplasms
  5 goblins
  6 hobgoblins
  2 jackals (D:1)
  3 quokkas
  4 ball pythons
  A frilled lizard (D:3)
  5 kobolds
  5 rats
54 creatures vanquished.

Notes
Turn   | Place    | Note
-------+----------+-------------------------------------------
     0 | D:1      | qw the Deep Elf Hunter began the quest for the Orb.
     0 | D:1      | Reached XP level 1. HP: 12/12 MP: 3/3
     0 | D:1      | 0 ||| qw: Version: 0.3-a-22-g0ed2b0b
     0 | D:1      | 0 ||| qw: Game counter: 5198
     0 | D:1      | 0 ||| qw: Melee chars always use a shield: true
     0 | D:1      | 0 ||| qw: God list: Okawaru
     0 | D:1      | 0 ||| qw: Allow faded altars: false
     0 | D:1      | 0 ||| qw: Do Orc after clearing Dungeon:15 true
     0 | D:1      | 0 ||| qw: Do second Lair branch before Depths: true
     0 | D:1      | 0 ||| qw: Lair rune preference: random
     0 | D:1      | 0 ||| qw: Goals: Normal
     0 | D:1      | 0 ||| PLANNING D:1-11
    94 | D:1      | Reached XP level 2. HP: 16/16 MP: 4/4
   102 | D:1      | Reached skill level 6 in Ranged Weapons
   324 | D:1      | 324 ||| UPGRADING to +1 pair of gloves.
   329 | D:1      | 329 ||| READING scroll labelled WAHOAF YTRA.
   358 | D:1      | 358 ||| DROPPING scroll of butterflies.
   529 | D:2      | Reached XP level 3. HP: 20/20 MP: 5/5
   708 | D:2      | Reached skill level 7 in Ranged Weapons
   775 | D:2      | 775 ||| UPGRADING to +0 ring mail.
   785 | D:2      | 785 ||| DROPPING +0 leather armour.
   786 | D:2      | 786 ||| UPGRADING to ring of positive energy.
   787 | D:2      | 787 ||| READING 2 scrolls labelled SEFOAFOPOT.
   875 | D:3      | Reached XP level 4. HP: 24/25 MP: 6/6
  1068 | D:3      | Found a faded altar of an unknown god.
  1082 | D:3      | Reached skill level 8 in Ranged Weapons
  1083 | D:3      | 1083 ||| FLEEEEING.
  1084 | D:3      | 1084 ||| FLEEEEING.
  1111 | D:3      | Killed from afar by an orc priest

Levels and vault maps discovered:
D:1:      zelgadis_glass_arrival_small, layout_rooms
D:2:      layout_rooms
D:3:      layout_basic, chequers_ecumenical_altar_simple_redux

Skill      XL: |  1  2  3  4 |
---------------+-------------+-----
Ranged Weapons | 6 7 8 |  8.2
Fighting       | |  1.5
Dodging        | |  2.4
Stealth        | |  1.2

Action                     |  1- 3 |  4- 6 || total
---------------------------+-------+-------++-------
   Fire: Shortbow          |    74 |    65 ||   139
    Use: Scroll            |     2 |       ||     2
 Armour: Leather armour    |     3 |       ||     3
         Ring mail         |     7 |     6 ||    13
  Dodge: Dodged            |    16 |    18 ||    34

Table legend:
 A = Non-vault XP
 B = Vault XP
 C = Vault XP percentage of total XP
 D = Non-vault monster count
 E = Vault monster count
 F = Vault count percentage of total count
                 A         B        C        D         E       F
            +---------+---------+-------+---------+---------+-------
      Total |     177 |       0 |   0.0 |      54 |       0 |   0.0
            +---------+---------+-------+---------+---------+-------
        D:1 |      36 |       0 |   0.0 |      19 |       0 |   0.0
        D:2 |      43 |       0 |   0.0 |      11 |       0 |   0.0
        D:3 |      98 |       0 |   0.0 |      24 |       0 |   0.0
            +---------+---------+-------+---------+---------+-------
